 Dungeon Crawl Stone Soup version 0.23.2-30-g0e89c35649 (webtiles) character file.

Game seed: 12475385015675470668

224 shadizar the Shield-Bearer (level 6, 0/37 HPs)
             Began as a Gargoyle Fighter on June 19, 2019.
             Killed by divine providence
             ... invoked by an orc priest
              (7 damage)
             ... on level 3 of the Dungeon.
             The game lasted 00:03:03 (1797 turns).

shadizar the Shield-Bearer (Gargoyle Fighter)       Turns: 1797, Time: 00:03:03

Health: 0/37       AC: 15    Str: 21    XL:     6   Next: 0%
Magic:  6/6        EV:  8    Int:  9    God:
Gold:   115        SH:  9    Dex:  9    Spells: 5/5 levels left

rFire    . . .     SeeInvis .   a - +0 flail
rCold    . . .     Gourm    .   c - +0 shield
rNeg     + . .     Faith    .   b - +0 scale mail
rPois    ∞         Spirit   .   u - +0 helmet
rElec    +         Reflect  .   (no cloak)
rCorr    .         Harm     .   (no gloves)
MR       .....                  h - +2 pair of boots
Stlth    ..........             (no amulet)
HPRegen  0.12/turn              (no ring)
MPRegen  0.10/turn              (no ring)

@: no status effects
A: negative energy resistance 1, electricity resistance, unbreathing,
petrification resistance, rot immunity, AC +4
a: no special abilities


You were on level 3 of the Dungeon.
You were not hungry.

You visited 1 branch of the dungeon, and saw 3 of its levels.

You collected 115 gold pieces.

Inventory:

Hand Weapons
 a - a +0 flail (weapon)
Armour
 b - a +0 scale mail (worn)
 c - a +0 shield (worn)
 h - a +2 pair of boots (worn)
 u - a +0 helmet (worn)
Jewellery
 r - an uncursed amulet of the acrobat {unknown}
Wands
 q - a wand of digging (5)
 t - a wand of random effects (24)
Scrolls
 g - 4 scrolls of identify {unknown}
 i - a scroll of enchant weapon {unknown}
 j - a scroll of blinking {unknown}
 l - a scroll of remove curse {unknown}
 n - a scroll of fear {unknown}
 o - 2 scrolls of teleportation {unknown}
 s - a scroll of amnesia {unknown}
Potions
 d - a potion of might
 e - a potion of brilliance {unknown}
 k - a potion of curing {unknown}
 m - a potion of lignification {unknown}
 p - 3 potions of heal wounds {unknown}
Comestibles
 f - 4 rations
 v - 3 chunks of flesh


   Skills:
 + Level 3.6 Fighting
 + Level 4.3 Maces & Flails
 + Level 3.7 Armour
 + Level 1.3 Dodging
 + Level 0.8 Stealth
 + Level 4.4 Shields


You had 5 spell levels left.
You didn't know any spells.
Your spell library was empty.

Dungeon Overview and Level Annotations

Branches:
Dungeon (3/15)

Altars:
Ashenzari
Trog


Innate Abilities, Weirdness & Mutations

You are resistant to torment.
Your stone body is resilient. (AC +4)
You are immune to poison.
You resist negative energy. (rN+)
You are resistant to electric shocks. (rElec)
You can survive without breathing.
You are immune to petrification.
You are immune to rotting.


Message History

You are too injured to fight recklessly!
You are too injured to fight recklessly!
You are too injured to fight recklessly!
You are too injured to fight recklessly!
You are too injured to fight recklessly!
You are too injured to fight recklessly!
You are too injured to fight recklessly!
You are too injured to fight recklessly!
You are too injured to fight recklessly!
You barely miss the orc priest.
The orc priest is heavily wounded.
The orc priest mumbles some strange prayers to Beogh against you.
Beogh smites you!
* * * LOW HITPOINT WARNING * * *
You hit the orc priest.
The orc priest is almost dead.
The orc priest hits you but does no damage.
The orc priest mumbles some strange prayers to Beogh against you.
Beogh smites you!
You die...

#...........#########.##.#
#..# #........†.....>.##.#
#..# #.####.############.#
♣## #..# #......#
#######.# ♣..
####..###(.###.#
.......... ...
#..o.......#
#.###.########## ♣..
#.##..#....###........
.♣.##.##..#.#.....?....###
....#h##...(...o@..#####
...o#.##.###.#.##### #
..).o#.#.###.#.# #
♣..##.##.##.[..# #.### .h#
####.#.#.#.## #.... ..
#........# ##### .
###h#.#.## . ##...## #<.##


You could see an orc priest.

Vanquished Creatures
  Ijyb (D:3)
  Terence (D:2)
  Robin (D:2)
  4 adders (D:2)
  3 gnolls (D:3)
  A shadow imp (D:3)
  An ooze (D:2)
  3 worms
  A leopard gecko (D:2)
  2 orcs
  A ball python (D:3)
  5 giant cockroaches
  17 goblins
  4 hobgoblins
  5 jackals (D:2)
  2 quokkas (D:2)
  8 bats
  4 frilled lizards
  7 kobolds
  3 rats
74 creatures vanquished.

Notes
Turn   | Place    | Note
-------+----------+-------------------------------------------
     0 | D:1      | shadizar the Gargoyle Fighter began the quest for the Orb.
     0 | D:1      | Reached XP level 1. HP: 14/14 MP: 1/1
   156 | D:1      | Reached XP level 2. HP: 13/19 MP: 2/2
   676 | D:2      | Reached XP level 3. HP: 15/23 MP: 3/3
   802 | D:2      | Reached skill level 1 in Dodging
   806 | D:2      | Found a shattered altar of Ashenzari.
   829 | D:2      | Found a bloodstained altar of Trog.
   840 | D:2      | Reached XP level 4. HP: 17/28 MP: 4/4
   921 | D:2      | Noticed Terence
   928 | D:2      | Killed Terence
  1088 | D:2      | Reached XP level 5. HP: 27/32 MP: 5/5
  1130 | D:2      | Noticed Robin
  1154 | D:2      | Killed Robin
  1688 | D:3      | Noticed Ijyb
  1717 | D:3      | Killed Ijyb
  1770 | D:3      | Reached XP level 6. HP: 37/37 MP: 6/6
  1797 | D:3      | Killed from afar by an orc priest

Skill      XL: |  1  2  3  4  5 |
---------------+----------------+-----
Dodging        | 1 |  1.3
Maces & Flails | 3 4 |  4.3
Shields        | 4 |  4.4
Fighting       | |  3.6
Armour         | |  3.7
Stealth        | |  0.8

Action                   |  1- 3 |  4- 6 || total
-------------------------+-------+-------++-------
Melee: Flail             |   151 |   215 ||   366
  Eat: Chunk             |       |     4 ||     4
Armor: Scale mail        |   101 |   124 ||   225
Dodge: Dodged            |    53 |    66 ||   119
Block: Shield            |    84 |   132 ||   216
